Map: New Repugnancy LE

Players

HeRoMaRinE - Winner!

  • Race: Terran Terran
  • Spawn Location: 1:00

Reynor

  • Race: Zerg Zerg
  • Spawn Location: 7:00

Event: 2019 WCS Summer

VOD

Have the link to the VOD?

Description

Time

  • Played on: July 14, 2019, 12:28 p.m.
  • Length: 14:07

All games in this series

Show
View Real Time Build Order
Export as new Build Order

HeRoMaRinE Terran - Winner!

Build Orders: Gas First Reaper Expand, Hellion Banshee 

Get SALT Encoding   

  12  0:00  SCV  
  13  0:13  SCV  
  14  0:17  Supply Depot  
  14  0:25  SCV  
  15  0:31  Refinery  
  15  0:38  SCV  
  16  0:45  Barracks  
  16  0:50  SCV  
  17  1:03  SCV  
  18  1:15  SCV  
  19  1:31  Orbital Command, Reaper  
  20  1:43  Command Center  
  20  1:54  Factory  
  20  1:58  SCV  
  21  2:09  Barracks Reactor  
  21  2:10  SCV  
  22  2:19  Supply Depot  
  22  2:22  SCV  
  23  2:24  Refinery  
  23  2:41  SCV  
  24  2:50  Starport  
  24  2:53  SCV  
  24  2:55  Hellion x2  
  24  2:56  Orbital Command  
  29  2:59  Barracks Tech Lab  
  29  3:05  SCV  
  30  3:16  Hellion x2  
  30  3:17  SCV  
  35  3:22  SCV  
  36  3:29  SCV  
  36  3:32  Banshee  
  40  3:34  Supply Depot, Cloaking Field  
  40  3:36  SCV  
  40  3:39  Hellion  
  43  3:44  Hellion  
  43  3:48  SCV  
  46  3:56  SCV  
  46  3:58  Supply Depot  
  46  4:00  SCV  
  46  4:01  Hellion  
  50  4:06  Hellion  
  50  4:08  SCV  
  50  4:12  SCV  
  45  4:17  Banshee  
  45  4:20  SCV  
  45  4:22  Hellion  
  51  4:24  SCV  
  51  4:27  Hellion  
  54  4:32  Command Center  
  54  4:34  Barracks Tech Lab  
  54  4:37  SCV  
  54  4:38  SCV  
  56  4:49  SCV  
  56  4:50  SCV  
  56  4:52  Barracks  
  58  4:53  Marine  
  58  4:55  Barracks  
  58  4:57  Factory Reactor, Stimpack  
  58  4:59  Supply Depot  
  59  5:02  SCV  
  59  5:03  SCV  
  61  5:11  Marine  
  61  5:12  Engineering Bay x2  
  62  5:14  Starport Reactor  
  62  5:20  SCV x2  
  64  5:23  Supply Depot  
  64  5:29  Marine  
  64  5:32  SCV x2  
  67  5:36  Refinery x2  
  67  5:44  SCV x2  
  67  5:47  Marine  
  67  5:49  Marine  
  68  5:53  Marine, Terran Infantry Weapons Level 1, Terran Infantry Armor Level 1  
  68  5:55  SCV  
  68  5:57  SCV  
  68  6:02  Marine x2  
  70  6:04  Marine  
  70  6:07  Marine  
  70  6:08  Siege Tank, Medivac x2  
  70  6:11  Marine  
  75  6:12  Orbital Command  
  74  6:18  Barracks  
  74  6:19  Barracks, Marine  
  74  6:20  Marine  
  74  6:21  SCV x2  
  74  6:22  Marine  
  79  6:26  Marine  
  79  6:29  Marine  
  81  6:33  SCV x2, Supply Depot  
  81  6:37  Marine x2  
  85  6:43  Armory  
  85  6:44  Supply Depot  
  85  6:45  Orbital Command, Marine, SCV x2  
  85  6:46  Marine x2  
  90  6:55  Marine x2  
  90  6:57  SCV x2  
  90  6:58  Siege Tank, Medivac x2  
  101  7:04  Combat Shield  
  101  7:05  Marine x2  
  103  7:09  SCV x2  
  103  7:10  Supply Depot  
  103  7:12  Barracks Reactor  
  103  7:13  Supply Depot  
  103  7:14  SCV  
  106  7:21  Marine, SCV  
  106  7:22  Marine  
  109  7:26  Supply Depot x2  
  109  7:28  Barracks Reactor  
  109  7:31  Marine x3  
  109  7:32  SCV x2  
  109  7:33  SCV  
  109  7:35  Siege Tank  
  118  7:39  Marine x2  
  118  7:41  Terran Vehicle And Ship Armor Level 1  
  122  7:44  SCV x2  
  122  7:45  SCV  
  122  7:49  Marine x3  
  126  7:54  Marine  
  126  7:55  Marine  
  126  7:57  Marine x2  
  123  8:00  Medivac x2  
  123  8:05  Marine x2, Refinery x2, SCV x3  
  130  8:07  Marine x3, Factory  
  130  8:12  Marine x2  
  135  8:15  Terran Infantry Weapons Level 2, Marine  
  135  8:16  Marine  
  139  8:23  Marine x2  
  139  8:25  Marine  
  142  8:27  Marine  
  142  8:29  Marine  
  142  8:30  Marine x2  
  142  8:31  Siege Tank  
  149  8:47  Command Center  
  149  8:49  Marine  
  149  8:50  Marine x2  
  149  8:51  Marine x3  
  149  8:52  Marine x3  
  142  9:00  Factory Tech Lab, Medivac x2  
  135  9:03  Siege Tank  
  135  9:07  Marine  
  135  9:08  Marine x2, Terran Infantry Armor Level 2  
  135  9:09  Marine x3  
  144  9:10  Marine  
  144  9:14  Barracks x2  
  144  9:16  Marine x2  
  139  9:22  Siege Tank  
  142  9:25  Marine  
  142  9:26  Marine x2  
  142  9:27  Marine x3  
  142  9:29  Marine  
  148  9:33  Marine  
  148  9:36  Supply Depot  
  148  9:37  Supply Depot  
  149  9:42  Terran Vehicle And Ship Armor Level 2  
  149  9:46  Supply Depot  
  149  9:47  Barracks, Marine, Medivac x2  
  149  9:48  Siege Tank  
  157  9:57  Marine x3  
  160  10:02  SCV  
  160  10:03  SCV  
  160  10:04  SCV  
  160  10:05  Siege Tank  
  166  10:07  Barracks Tech Lab x2  
  166  10:09  Marine x3  
  169  10:14  Refinery  
  169  10:15  SCV x2  
  169  10:16  SCV  
  169  10:20  Siege Tank, Planetary Fortress  
  175  10:27  Concussive Shells, Marauder x3  
  181  10:29  Refinery  
  181  10:36  Sensor Tower  
  181  10:42  Marine x2  
  182  10:44  Marine x3, Barracks Tech Lab  
  182  10:45  Marine  
  182  10:48  Marine x2, Marauder x3  
  194  10:52  Terran Infantry Weapons Level 3  
  194  10:59  Marine  
  194  11:00  Marine  
  196  11:20  Starport  
  196  11:21  Marine  
  196  11:22  Marine, Starport, Fusion Core  
  196  11:24  Marine x2  
  196  11:25  Marauder  
  195  11:28  Marine  
  196  11:34  Marine x4  
  196  11:35  Marauder x2, Command Center  
  196  11:39  Marine  
  196  11:40  Marine  
  196  11:41  Marine  
  196  11:42  Marine  
  196  11:45  Siege Tank  
  196  11:46  Marine  
  200  11:55  Command Center  
  184  12:02  Marauder x2  
  184  12:05  Marauder, Marine x7  
  184  12:06  Siege Tank, Marine, Marauder  
  188  12:17  Siege Tank  
  188  12:22  Marine x2  
  180  12:24  Marauder x2  
  180  12:25  Marine x2  
  180  12:26  Marine  
  180  12:27  Marauder  
  180  12:28  Marauder  
  191  12:33  Marine x2  
  191  12:35  Medivac  
  183  12:37  Starport Tech Lab  
  183  12:38  Siege Tank  
  183  12:43  Marine x2  
  188  12:45  Marauder  
  188  12:46  Marauder  
  188  12:48  Marine  
  183  12:56  Medivac x2  
  183  13:00  Marauder  
  183  13:02  Marine x2  
  187  13:08  Marine x2  
  187  13:11  Marine  
  190  13:17  Medivac x2  
  184  13:21  Marauder, Marine x2  
  184  13:22  Marauder  
  184  13:23  Marine x5  
  184  13:26  Marine x2  
  190  13:29  Marine  
  190  13:31  Medivac x2  
  175  13:39  Marine x2  
  175  13:41  Marine x3, SCV x2  
  168  13:42  Marauder x2, SCV x2  
  168  13:46  Marine x2  
  180  13:53  SCV x2  
Show
View Real Time Build Order
Export as new Build Order

Reynor Zerg 

Build Orders: Hatch First 

Get SALT Encoding   

  12  0:00  Drone  
  13  0:12  Overlord  
  13  0:17  Drone  
  14  0:30  Drone  
  14  0:31  Drone  
  16  0:47  Hatchery  
  15  0:51  Drone  
  15  0:54  Drone  
  17  0:57  Drone  
  18  1:08  Extractor  
  17  1:13  Spawning Pool  
  17  1:16  Drone  
  17  1:19  Drone  
  18  1:28  Drone  
  19  1:39  Drone  
  20  1:49  Overlord  
  20  2:00  Zergling x4, Queen  
  20  2:01  Queen  
  26  2:11  Drone x2  
  28  2:20  Drone  
  28  2:21  Drone  
  30  2:29  Hatchery  
  29  2:33  Drone  
  29  2:35  Drone  
  31  2:41  Metabolic Boost  
  31  2:46  Queen  
  31  2:51  Overlord  
  33  2:54  Drone  
  33  2:55  Drone  
  36  2:58  Drone  
  36  3:10  Drone x2  
  38  3:14  Overlord  
  38  3:16  Drone x3  
  38  3:18  Drone  
  42  3:21  Queen  
  44  3:30  Overlord  
  44  3:33  Zergling x2  
  45  3:36  Drone  
  45  3:40  Drone  
  47  3:42  Baneling Nest  
  47  3:46  Drone x5  
  47  3:48  Queen  
  51  3:52  Zergling x2  
  51  3:55  Zergling x4  
  56  3:57  Overlord  
  56  3:58  Drone  
  57  4:08  Zergling x6  
  53  4:11  Drone  
  53  4:15  Drone  
  52  4:18  Drone  
  52  4:21  Lair  
  53  4:24  Drone  
  53  4:25  Drone  
  53  4:29  Drone x2  
  53  4:31  Drone  
  58  4:33  Spore Crawler  
  58  4:35  Spore Crawler  
  58  4:37  Baneling x2  
  56  4:39  Baneling  
  56  4:41  Drone x2  
  58  4:47  Drone x2, Spore Crawler  
  58  4:49  Drone  
  58  4:51  Drone  
  61  4:53  Drone x2  
  61  4:55  Drone  
  61  4:57  Drone  
  65  5:01  Queen  
  65  5:05  Overlord  
  67  5:10  Drone x4  
  73  5:14  Drone x2, Extractor  
  73  5:15  Extractor  
  73  5:17  Drone x2  
  73  5:20  Overseer  
  73  5:21  Overseer  
  73  5:26  Baneling  
  73  5:27  Overlord  
  73  5:32  Drone x8  
  79  5:44  Zergling x6  
  79  5:47  Zergling x6  
  79  5:50  Overlord  
  76  5:57  Zergling x8  
  76  6:01  Drone x4  
  82  6:07  Drone  
  82  6:11  Drone x2  
  83  6:14  Overlord  
  83  6:15  Drone x2  
  83  6:20  Overlord  
  83  6:21  Centrifical Hooks  
  83  6:24  Evolution Chamber  
  81  6:26  Drone x4, Evolution Chamber  
  81  6:27  Drone x2  
  81  6:29  Drone  
  81  6:30  Drone  
  88  6:33  Drone, Extractor  
  88  6:34  Extractor  
  88  6:35  Extractor  
  88  6:39  Drone, Hatchery  
  86  6:43  Drone x2  
  86  6:45  Overlord  
  88  6:48  Zergling x6  
  88  6:51  Zerg Ground Armor Level 1  
  88  6:52  Zerg Melee Weapons Level 1  
  93  6:54  Zergling x8  
  93  6:55  Drone  
  93  6:57  Overlord  
  95  7:06  Zergling x8  
  95  7:08  Baneling x2  
  98  7:10  Zergling x2  
  98  7:14  Zergling x4  
  98  7:15  Zergling x2  
  100  7:21  Overlord  
  100  7:26  Drone x4  
  100  7:27  Drone x3  
  107  7:30  Hydralisk Den  
  107  7:33  Drone x2  
  107  7:35  Drone  
  109  7:42  Zergling x6  
  112  7:44  Zergling x4  
  112  7:49  Drone x4  
  112  7:50  Overlord  
  116  7:55  Zergling x2  
  116  7:57  Zergling x2  
  109  8:02  Zergling x2  
  109  8:03  Baneling x8, Zergling x2  
  109  8:04  Muscular Augments  
  108  8:06  Infestation Pit  
  108  8:11  Hydralisk x9  
  125  8:13  Spore Crawler  
  125  8:14  Baneling x4  
  125  8:15  Zergling x4  
  125  8:17  Zergling x4  
  125  8:19  Drone  
  129  8:21  Hydralisk  
  129  8:25  Zergling x4  
  129  8:28  Baneling x14  
  129  8:31  Hydralisk  
  129  8:32  Hydralisk  
  131  8:44  Zergling x14, Queen  
  137  8:53  Hydralisk, Zergling x4  
  137  8:54  Zergling x2  
  137  8:55  Hydralisk  
  132  8:59  Hive  
  132  9:01  Zerg Ground Armor Level 2  
  129  9:05  Drone x5  
  134  9:11  Zergling x4  
  134  9:13  Overlord  
  134  9:15  Zergling x6  
  134  9:16  Grooved Spines  
  135  9:19  Hatchery  
  134  9:27  Zergling x4  
  134  9:28  Overlord  
  134  9:29  Zerg Melee Weapons Level 2  
  136  9:37  Queen  
  138  9:38  Extractor  
  138  9:39  Extractor  
  138  9:42  Zergling x6  
  138  9:43  Zergling x8  
  143  9:46  Baneling x10  
  143  9:47  Overlord  
  143  9:57  Overlord x3  
  143  9:59  Zergling x2  
  144  10:00  Zergling x14, Spire  
  144  10:03  Overlord  
  150  10:12  Zergling x2  
  150  10:13  Overlord, Adrenal Glands  
  148  10:21  Drone  
  148  10:23  Drone x3, Extractor  
  148  10:24  Drone x7  
  158  10:28  Overlord  
  158  10:37  Drone x4  
  158  10:39  Overlord  
  162  10:45  Zergling x4  
  162  10:46  Zergling x16  
  172  10:59  Viper x2  
  172  11:03  Zergling x24  
  190  11:06  Overlord  
  184  11:13  Baneling x13, Hatchery  
  184  11:14  Greater Spire  
  184  11:16  Zergling x20  
  193  11:22  Zergling x8  
  190  11:31  Zergling x10  
  190  11:32  Hydralisk x2  
  192  11:33  Hydralisk  
  192  11:38  Hydralisk x2, Zergling x2  
  192  11:39  Zergling x2, Hydralisk  
  199  11:47  Zergling x2  
  199  11:48  Overseer  
  199  11:49  Overlord  
  199  11:51  Baneling x15  
  199  12:00  Hydralisk  
  199  12:01  Zergling x2  
  183  12:02  Zergling x12  
  183  12:03  Zergling x6  
  183  12:04  Hydralisk x2  
  183  12:06  Hydralisk  
  183  12:07  Hydralisk, Zergling x2  
  173  12:10  Hydralisk  
  173  12:11  Zergling x2  
  173  12:12  Zergling x2  
  173  12:13  Zergling x6  
  173  12:15  Zergling x4  
  176  12:20  Hydralisk  
  168  12:24  Hydralisk, Zergling x2  
  168  12:25  Zergling x6  
  168  12:26  Overseer  
  159  12:31  Hydralisk  
  159  12:32  Zergling x4, Hydralisk  
  159  12:35  Hydralisk  
  159  12:36  Zergling x6  
  153  12:39  Baneling x6  
  153  12:43  Pneumatized Carapace  
  153  12:44  Zergling x12  
  151  12:47  Hydralisk  
  151  12:48  Zergling x4  
  148  12:54  Drone  
  148  12:55  Drone x3  
  148  12:56  Drone  
  148  12:57  Drone  
  149  12:59  Drone  
  149  13:04  Zergling x10  
  157  13:07  Corruptor  
  157  13:08  Baneling x3  
  157  13:09  Baneling x6  
  157  13:10  Corruptor x3  
  165  13:17  Extractor  
  165  13:19  Zergling x6, Corruptor x2  
  159  13:20  Zergling x4  
  159  13:23  Corruptor  
  159  13:26  Zergling x2  
  151  13:29  Hydralisk, Zergling x4  
  151  13:31  Hydralisk  
  151  13:32  Zergling x6  
  145  13:34  Hydralisk  
  145  13:35  Zergling x4  
  145  13:36  Corruptor  
  144  13:47  Zergling x16  
Tags
 
Add a new tag
Caveats
  • Supply blocks, unpowered buildings, or Contaminate may cause inaccurate times.
  • Supply counts are checked every 10 seconds.